cohdb
Replays
Latest Replays
All Replays
Popular Replays
Top Player Replays
Match Explorer
How It Works
Community
CoH3 Stats
Reddit
Sign in to upload your games and track your stats! →
Sign in with Steam
Match 35533718
Unlisted
Match 35533718
Overview
Messages
Build Orders
End
Construct Infanterie Kompanie
Selects Luftwaffe Battlegroup
Selects Luftwaffe Pioneer Support
Fallschirmpioneer Squad Paradrop
Grenadier Squad
Grenadier Squad
Infanterie Officer Quarters
Selects Stuka Strafing Run
MG 42 Machine Gun Team
Stuka Strafing Run
Medical Station
Construct Luftwaffe Kompanie
Medical Bunker
GrW 34 Mortar Team
Selects Flak 38 Anti-Air Emplacement
Stuka Strafing Run
Fallschirmpioneer Squad Paradrop
Stuka Strafing Run
Luftwaffe Officer Quarters
Stuka Strafing Run
Support Elements
Wirbelwind Flakpanzer
Brossie 74
BAROSZ
ionwood
Albin0king
Field marshal Prince
IceDrizzle32
0
0
Comments
sign in to comment!
No comments posted yet!